[Event "*** Titled Tuesday Blitz"]
[Site "Chess.com"]
[Date "2019.06.04"]
[Round "1"]
[White "Polish_fighter3000"]
[Black "Keithonsky"]
[Result "1-0"]
[WhiteElo "3008"]
[BlackElo "2499"]
[TimeControl "180+2"]
[EndTime "13:06:56 PDT"]
[Termination "Polish_fighter3000 won by resignation"]

1. e4 e6 2. d4 d5 3. exd5 exd5 4. Nf3 Nc6 5. Bb5 Bg4 6. O-O Bd6 7. h3 Bh5 8. c4 dxc4 9. d5 a6 10. Ba4 b5 11. dxc6 bxa4 12. Nbd2 Ne7 13. Qxa4 O-O 14. Qxc4 Qe8 15. Nd4 a5 16. b3 Be5 17. Bb2 Bxd4 18. Qxd4 f6 19. Ba3 Rd8 20. Qc3 Nd5 21. Qxa5 Rf7 22. Rfe1 Qxc6 23. Rac1 Qd7 24. Ne4 Nf4 25. Ng3 Bg6 26. Rc4 Nd3 27. Re3 Ne5 28. Rc1 h5 29.
Ne2 Qf5 30. Bb4 Kh7 31. Bc3 Rfd7 32. Ng3 Rd1+ 33. Re1 Rxe1+ 34. Rxe1 Qc2 35. Bxe5 fxe5 36. Qxe5 h4 37. Nh5 Rd7 38. Nf4 Bf5 39. a4 Rd2 40.
Ne6 Rd7 41. Nf8+ 1-0

[Event "*** Titled Tuesday Blitz"]
[Site "Chess.com"]
[Date "2019.06.04"]
[Round "1"]
[White "RU_B9"]
[Black "soolking67"]
[Result "0-1"]
[WhiteElo "2092"]
[BlackElo "2531"]
[TimeControl "180+2"]
[EndTime "13:06:58 PDT"]
[Termination "soolking67 won by resignation"]

1. c4 e6 2. Nc3 d5 3. e3 Nf6 4. Nf3 Be7 5. b3 O-O 6. Bb2 b6 7. d4 Bb7 8. Bd3 dxc4 9. bxc4 c5 10. O-O a6 11. Rc1 h6 12. Qe2 Nbd7 13. Rfd1 Qc7 14.
Ne5 cxd4 15. exd4 Nxe5 16. dxe5 Nd7 17. f4 Nc5 18. Bb1 Rad8 19. Rxd8 Rxd8 20. Ba3 Nb3 21. axb3 Bxa3 22. Rd1 Rxd1+ 23. Qxd1 Bc5+ 24. Kf1 f5 25. Qh5 Qc6 26. Qe2 b5 27. cxb5 axb5 28. Bd3 Bb6 29. Nd1 Qc1 30. Bxb5 Qxf4+ 31. Nf2 Qxh2 0-1

[Event "*** Titled Tuesday Blitz"]
[Site "Chess.com"]
[Date "2019.06.04"]
[Round "1"]
[White "temus_galaktionov"]
[Black "MasterKroket"]
[Result "1-0"]
[WhiteElo "2679"]
[BlackElo "2336"]
[TimeControl "180+2"]
[EndTime "13:06:59 PDT"]
[Termination "temus_galaktionov won by checkmate"]

1. d4 Nf6 2. Nf3 e6 3. c4 b6 4. g3 Bb7 5. Bg2 Be7 6. Nc3 O-O 7. Qc2 Nc6 8. O-O Nb4 9. Qb1 c5 10. a3 cxd4 11. axb4 dxc3 12. bxc3 Qc7 13. Qb3 Rfc8 14.
Nd2 Bxg2 15. Kxg2 d5 16. cxd5 Nxd5 17. Bb2 Nxc3 18. Rfc1 Qb7+ 19. Nf3 Nd5 20. b5 Rxc1 21.
Rxc1 a5 22. bxa6 Qxa6 23. e4 Nf6 24. Rc7 Bc5 25. Ng5 Qe2 26. Rxf7 Qxf2+ 27. Kh3 Qf1+ 28. Kh4 h6 29. Qxe6 hxg5+ 30. Kxg5 Be3+ 31. Kg6 Bh6 32. Rxg7+ Kh8 33. Rh7# 1-0

[Event "*** Titled Tuesday Blitz"]
[Site "Chess.com"]
[Date "2019.06.04"]
[Round "1"]
[White "GMHess"]
[Black "Jahonas"]
[Result "1-0"]
[WhiteElo "2659"]
[BlackElo "2324"]
[TimeControl "180+2"]
[EndTime "13:07:02 PDT"]
[Termination "GMHess won by resignation"]

1. b3 e5 2. Bb2 Nc6 3. e3 Nf6 4. Bb5 Bd6 5. Ne2 a6 6. Bxc6 dxc6 7. Ng3 h5 8. h3 h4 9. Ne2 Be6 10. d3 Qe7 11. a3 a5 12. Nd2 a4 13. b4 b5 14. Nc3 Rg8 15. Qf3 Nd5 16. Nce4 f5 17.
Nxd6+ Qxd6 18. Qh5+ g6 19. Qxh4 g5 20. Qh5+ Bf7 21.
Qf3 f4 22. Ne4 Qe7 23. exf4 exf4 24. O-O-O O-O-O 25. Rhe1 Nxb4 26. axb4 Qxb4 27. d4 Bd5 28. Qc3 Qxc3 29. Bxc3 g4 30. Nf6 Bxg2 31. Nxg8 gxh3 32. Ne7+ Kb7 33. Ng6 h2 34. Nxf4 Bf3 35. Rh1 b4 36. Bxb4 Bxd1 37. Kxd1 Rxd4+ 38. Nd3 Rh4 1-0

[Event "*** Titled Tuesday Blitz"]
[Site "Chess.com"]
[Date "2019.06.04"]
[Round "1"]
[White "tan275"]
[Black "grzechu96"]
[Result "0-1"]
[WhiteElo "2194"]
[BlackElo "2565"]
[TimeControl "180+2"]
[EndTime "13:07:03 PDT"]
[Termination "grzechu96 won by resignation"]

1. d4 d5 2. c4 e6 3. Nc3 c6 4. e3 f5 5. Bd3 Nf6 6. Nf3 Bd6 7.
O-O O-O 8. b3 Qe7 9. Ne2 Ne4 10.
Ne5 Bd7 11. Bb2 Be8 12. f3 Nf6 13. Ng3 Nbd7 14. f4 Ne4 15. Qf3 Nd2 16. Qe2 Nxf1 17. Rxf1 Nf6 18. c5 Bc7 19. a4 Rb8 20. Ba3 Bxe5 21.
fxe5 Ne4 22. Qc2 Nxg3 23. hxg3 Bh5 24. Rf4 Qg5 25. Qf2 Bg4 26. Bc1 Rf7 27. e4 dxe4 28.
Bxe4 fxe4 29. Rxf7 Qxc1+ 30. Kh2 Qh6+ 31. Kg1 e3 32.
Qf4 Qxf4 33. Rxf4 e2 34. Kf2 Rf8 35. Rxf8+ Kxf8 36. Ke1 Kf7 0-1

[Event "*** Titled Tuesday Blitz"]
[Site "Chess.com"]
[Date "2019.06.04"]
[Round "1"]
[White "x-5963514717"]
[Black "Zhigalko_Sergei"]
[Result "0-1"]
[WhiteElo "2488"]
[BlackElo "2923"]
[TimeControl "180+2"]
[EndTime "13:07:04 PDT"]
[Termination "Zhigalko_Sergei won by resignation"]

1. Nf3 d5 2. g3 c6 3. Bg2 Bg4 4.
O-O Nd7 5. d3 e6 6. Nbd2 Bd6 7.
e4 Ne7 8. h3 Bh5 9. Qe2 O-O 10.
b3 a5 11. a4 Re8 12. Bb2 c5 13. e5 Bc7 14. g4 Bg6 15. Nh4 Nc6 16. Nxg6 hxg6 17. f4 g5 18. fxg5 Bxe5 19. Bxe5 Ndxe5 20. Nf3 Ng6 21. Qd2 e5 22. Rae1 Nd4 23. Nxd4 cxd4 24.
Rf5 Qd6 25. Ref1 Re7 26. h4 Nxh4 27. Qf2 Nxf5 28. gxf5 e4 29. Qxd4 Qe5 30. Qe3 exd3 31. Qxd3 Rd8 32. Rf3 Qe1+ 33. Bf1 Re4 34. Rg3 Rf4 35.
f6 Rxf1+ 36. Qxf1 Qxg3+ 37. Qg2 Qxg2+ 0-1

[Event "*** Titled Tuesday Blitz"]
[Site "Chess.com"]
[Date "2019.06.04"]
[Round "1"]
[White "Babas"]
[Black "Raja3401"]
[Result "1/2-1/2"]
[WhiteElo "2391"]
[BlackElo "2734"]
[TimeControl "180+2"]
[EndTime "13:07:06 PDT"]
[Termination "Game drawn by agreement"]

1. e4 c5 2. Nf3 d6 3. Bb5+ Nd7 4. c3 Nf6 5. d3 a6 6. Ba4 g6 7. O-O Bg7 8. Re1 O-O 9. d4 cxd4 10. cxd4 b5 11. Bb3 Nb6 12. e5 dxe5 13. dxe5 Qxd1 14. Rxd1 Ng4 15. e6 Bxe6 16. Bxe6 fxe6 17. Nc3 Nc4 18. h3 Nge5 19. Ng5 Rfd8 20. Rxd8+ Rxd8 21. Nxe6 Rc8 22. Nxg7 Kxg7 23. b3 Nd6 24. Nd5 Kf7 25. Be3 Nf5 26. Rc1 Nxe3 27. Rxc8 Nxd5 28. Ra8 b4 29.
Rxa6 e6 30. a3 bxa3 31. Rxa3 Nd3 32. Ra7+ Kg8 33. g3 h5 34. Kg2 Kf8 35. h4 e5 1/2-1/2

[Event "*** Titled Tuesday Blitz"]
[Site "Chess.com"]
[Date "2019.06.04"]
[Round "1"]
[White "BillieKimbah"]
[Black "pedromartinez91"]
[Result "1-0"]
[WhiteElo "2785"]
[BlackElo "2419"]
[TimeControl "180+2"]
[EndTime "13:07:09 PDT"]
[Termination "BillieKimbah won by resignation"]

1. c4 e5 2. g3 Nf6 3. Bg2 d5 4. cxd5 Nxd5 5. Nf3 Nc6 6. O-O Nb6 7. b3 Be7 8. Bb2 f6 9. Nc3 O-O 10. d4 Nxd4 11.
Nxd4 exd4 12. Nb5 c5 13. b4 Nc4 14. Qb3 Be6 15. bxc5 Bf7 16. Nxd4 Nd2 17. Qc2 Nxf1 18. Bxb7 Rb8 19. c6 Qc7 20. Rxf1 Rfd8 21. Qe4 Bd5 22. Qe3 Bc5 23. Ne6 Bxe6 24. Qxe6+ Kh8 25. e3 Qb6 26. Bxf6 Rxb7 27. Bxd8 1-0

[Event "*** Titled Tuesday Blitz"]
[Site "Chess.com"]
[Date "2019.06.04"]
[Round "1"]
[White "KhazarBabazada"]
[Black "tteshan"]
[Result "1/2-1/2"]
[WhiteElo "2605"]
[BlackElo "2268"]
[TimeControl "180+2"]
[EndTime "13:07:09 PDT"]
[Termination "Game drawn by agreement"]

1. e4 c5 2. Nf3 Nc6 3. d4 cxd4 4.
Nxd4 g6 5. c4 Bg7 6. Be3 Nf6 7.
Nc3 O-O 8. Be2 d6 9. Qd2 Ng4 10. Bxg4 Bxg4 11. O-O h5 12. f3 Bd7 13. Rac1 Nxd4 14.
Bxd4 Bxd4+ 15. Qxd4 Qb6 16. Qxb6 axb6 17. a3 Be6 18.
Nd5 Bxd5 19. cxd5 Rfc8 20. Kf2 Rc5 21. Ke3 Kf8 22. Kd2 Ke8 23. Rfe1 Kd7 24. Re3 Rxc1 25. Kxc1 Rc8+ 26. Kd2 Rc5 27. Rc3 Rb5 28. b4 e6 29.
Kd3 exd5 30. f4 dxe4+ 31. Kxe4 Rf5 32. h3 Rf6 33. g4 Re6+ 34. Kd4 hxg4 35. hxg4 Re1 36.
Kd5 Rd1+ 37. Kc4 Kc6 38. Kb3+ Kd7 39. Kc4 Rf1 40. Kb5 Rxf4 41. Kxb6 Rxg4 42. Kxb7 f5 43. b5 Ra4 44. b6 f4 45. Kb8 g5 46. b7 g4 47. Rc7+ Kd8 48. Rc8+ Kd7 49. Rc7+ Kd8 1/2-1/2

[Event "*** Titled Tuesday Blitz"]
[Site "Chess.com"]
[Date "2019.06.04"]
[Round "1"]
[White "Keranke"]
[Black "Rish_97"]
[Result "1-0"]
[WhiteElo "2856"]
[BlackElo "2445"]
[TimeControl "180+2"]
[EndTime "13:07:12 PDT"]
[Termination "Keranke won by resignation"]

1. d4 Nf6 2. Bf4 d6 3. e3 g6 4.
Nf3 Bg7 5. h3 O-O 6. Bh2 b6 7.
a4 a6 8. Bd3 Bb7 9. Nbd2 Nbd7 10. c3 c5 11. O-O Re8 12. Qe2 Qc8 13. e4 cxd4 14. cxd4 e5 15. Nc4 Qb8 16. Rfe1 b5 17. Na5 exd4 18. Nxb7 Qxb7 19. axb5 axb5 20. Rxa8 Qxa8 21.
Bxd6 Qc6 22. e5 Nh5 23. Bxb5 Qb7 24. Ba6 Qa7 25. Qb5 Nf4 26. Bb7 Rb8 27. Bxb8 1-0

[Event "*** Titled Tuesday Blitz"]
[Site "Chess.com"]
[Date "2019.06.04"]
[Round "1"]
[White "FrenchMonster2002"]
[Black "Grandelicious"]
[Result "0-1"]
[WhiteElo "2358"]
[BlackElo "2708"]
[TimeControl "180+2"]
[EndTime "13:07:14 PDT"]
[Termination "Grandelicious won on time"]

1. e4 c5 2. Nc3 d6 3. d4 cxd4 4. Qxd4 Nc6 5. Qd2 g6 6. b3 Bh6 7. f4 Nf6 8. Bb2 O-O 9. O-O-O a5 10. a4 e5 11. g3 exf4 12. gxf4 Bg4 13. Be2 Re8 14. Bxg4 Nxg4 15. Nd5 Rxe4 16. h3 Nge5 17. Kb1 Rc8 18. Qg2 Rxf4 19. Nxf4 Bxf4 20. Ne2 Bh6 21.
Rhf1 Qe7 22. Nc3 Nb4 23. Nd5 Nxd5 24. Qxd5 Rc6 25. Rfe1 Bg7 26. Re2 Qc7 27. Rde1 h5 28. h4 Rc5 29. Qd1 b5 30. axb5 Rxb5 31. Rd2 Nc4 32. Re8+ Kh7 33. Bxg7 Nxd2+ 34. Qxd2 Kxg7 35. Qd4+ Re5 0-1

[Event "*** Titled Tuesday Blitz"]
[Site "Chess.com"]
[Date "2019.06.04"]
[Round "1"]
[White "Naruto-K"]
[Black "Alexander_Donchenko"]
[Result "0-1"]
[WhiteElo "2400"]
[BlackElo "2755"]
[TimeControl "180+2"]
[EndTime "13:07:15 PDT"]
[Termination "Alexander_Donchenko won by resignation"]

1. d4 d5 2. Bf4 c5 3. e3 cxd4 4.
exd4 Nc6 5. c3 Bf5 6. Qb3 Qd7 7. Nd2 e6 8. Ngf3 f6 9. Be2 g5 10. Be3 Bd6 11. Nf1 Nge7 12. Ng3 Bg6 13. Nd2 O-O 14. O-O Nf5 15. Nxf5 Bxf5 16. h3 Rac8 17. f4 h6 18. fxg5 hxg5 19. Rxf5 exf5 20. Qxd5+ Kg7 21. Kh1 Rce8 22.
Nc4 Qf7 23. Qxf7+ Rxf7 24. Nxd6 Rxe3 25. Nxf7 Rxe2 26. Nd6 Rxb2 27. Nxf5+ Kg6 28. Nd6 b6 29. a4 Rc2 30. Ra3 f5 31. Nc8 f4 32. d5 Ne5 33.
Nxa7 f3 34. Nc6 fxg2+ 0-1

[Event "*** Titled Tuesday Blitz"]
[Site "Chess.com"]
[Date "2019.06.04"]
[Round "1"]
[White "ristingho"]
[Black "LarissaSteenbekkers"]
[Result "1-0"]
[WhiteElo "2508"]
[BlackElo "1966"]
[TimeControl "180+2"]
[EndTime "13:07:18 PDT"]
[Termination "ristingho won by resignation"]

1. d4 Nf6 2. c4 g6 3. Nc3 d5 4.
Bg5 Bg7 5. Nf3 c5 6. dxc5 Qa5 7. cxd5 Nxd5 8. Qxd5 Bxc3+ 9. Nd2 Bxb2 10. Rb1 Bg7 11. e4 O-O 12. Bxe7 Re8 13. Bd6 Nc6 14. Rb5 Qa4 15. Qc4 Qxc4 16. Bxc4 Nd4 17. Rb1 Bf5 18. f3 Nc2+ 19. Ke2 Be6 20. Rxb7 f5 21.
Bxe6+ Rxe6 22. Rhb1 fxe4 23. Nxe4 Bd4 24. Rb8+ Rxb8 25.
Rxb8+ Kg7 26. Kd3 Ne1+ 27. Kxd4 Nxg2 28. Bf8+ Kf7 29. Ng5+ Kf6 30. Nxe6 1-0

[Event "*** Titled Tuesday Blitz"]
[Site "Chess.com"]
[Date "2019.06.04"]
[Round "1"]
[White "bracuarta"]
[Black "Karacsonyi_Gellert"]
[Result "0-1"]
[WhiteElo "2102"]
[BlackElo "2536"]
[TimeControl "180+2"]
[EndTime "13:07:19 PDT"]
[Termination "Karacsonyi_Gellert won by resignation"]

1. d4 Nf6 2. c4 e6 3. Nc3 Bb4 4. e3 O-O 5. Ne2 c6 6. a3 Ba5 7. b4 Bc7 8. e4 d5 9. e5 Ne8 10. Ng3 f6 11. f4 a5 12. Rb1 axb4 13. axb4 c5 14. bxc5 Ba5 15. Bd2 dxc4 16. Nb5 Nc6 17. Nd6 Nxd4 18. Bxc4 Nc6 19. O-O fxe5 20. fxe5 Rxf1+ 21. Nxf1 Bxd2 22. Qxd2 Nxe5 23. Nxc8 Qxc8 24. Qb4 Nxc4 25. Qxc4 Nf6 26. Rb6 Nd5 27. Rd6 Ra1 28. h3 Rxf1+ 29. Qxf1 Qxc5+ 0-1

[Event "*** Titled Tuesday Blitz"]
[Site "Chess.com"]
[Date "2019.06.04"]
[Round "1"]
[White "cool4chess"]
[Black "RitvarsReimanis"]
[Result "1-0"]
[WhiteElo "2349"]
[BlackElo "2651"]
[TimeControl "180+2"]
[EndTime "13:07:22 PDT"]
[Termination "cool4chess won by resignation"]

1. e4 c5 2. Nf3 Nc6 3. d4 cxd4 4. Nxd4 Nf6 5. Nc3 d6 6. Ndb5 a6 7. Nd4 e5 8. Nf3 Be7 9. Bg5 O-O 10. Be2 Be6 11. O-O h6 12. Bxf6 Bxf6 13. Nd5 Bxd5 14. Qxd5 Qc7 15. c3 Ne7 16. Qb3 Ng6 17. g3 Rfd8 18.
Rfd1 Ne7 19. Nd2 d5 20. exd5 Nxd5 21. Ne4 Ne7 22. Nxf6+ gxf6 23. Bc4 Nf5 24. Qc2 Ne7 25. Bb3 Kg7 26. Qe4 Rxd1+ 27. Rxd1 Rd8 28. Rxd8 Qxd8 29. Bc2 Ng6 30. Qxb7 a5 31. Bb3 Nh8 32. Qd5 Qc7 33. Bc4 Ng6 34. b4 axb4 35. cxb4 Nf8 36. a4 Ne6 37. a5 Qe7 38. Qb5 Nd4 39. Qc5 Qd7 40.
Qd5 Qe7 41. a6 Ne6 42. Qb7 Qd6 43. Bxe6 e4 44. Qxf7+ 1-0

[Event "*** Titled Tuesday Blitz"]
[Site "Chess.com"]
[Date "2019.06.04"]
[Round "1"]
[White "HansCoolNiemann"]
[Black "GoingKronos"]
[Result "1-0"]
[WhiteElo "2686"]
[BlackElo "2340"]
[TimeControl "180+2"]
[EndTime "13:07:24 PDT"]
[Termination "HansCoolNiemann won on time"]

1. d4 e6 2. c4 Nf6 3. Nf3 b6 4. g3 Ba6 5. Qb3 Nc6 6. Nbd2 Na5 7. Qc3 Bb7 8. Bg2 c5 9. dxc5 bxc5 10. O-O Be7 11.
Re1 O-O 12. e4 d6 13. b3 Nc6 14. Bb2 e5 15. Nf1 Nd4 16. N3d2 a5 17. a3 Qb6 18. Ne3 Rab8 19. Rab1 Bc6 20. Ba1 Nd7 21. Nd5 Bxd5 22.
cxd5 f5 23. Nc4 Qc7 24. Nxa5 Ra8 25. Nc6 Bf6 26. b4 g6 27. exf5 gxf5 28. Bb2 Nb6 29. bxc5 Na4 30. cxd6 Qxd6 31. Qb4 Qxb4 32. axb4 Nxb2 33.
Rxb2 Rfc8 34. b5 e4 35. Rbb1 Ra2 36. b6 Nxc6 37. b7 Rb8 38. dxc6 Rc2 39. Rec1 Rxc1+ 40. Rxc1 Be5 41. c7 1-0

[Event "*** Titled Tuesday Blitz"]
[Site "Chess.com"]
[Date "2019.06.04"]
[Round "1"]
[White "NateSolon"]
[Black "BillForster"]
[Result "1-0"]
[WhiteElo "2506"]
[BlackElo "1724"]
[TimeControl "180+2"]
[EndTime "13:07:24 PDT"]
[Termination "NateSolon won by resignation"]

1. d4 d5 2. c4 c6 3. Nf3 Nf6 4. e3 e6 5. Nc3 Nbd7 6. Bd3 dxc4 7. Bxc4 b5 8. Bd3 a6 9. O-O c5 10. a4 b4 11. Ne4 Nxe4 12. Bxe4 Rb8 13. b3 Be7 14.
Bb2 O-O 15. Qc2 cxd4 16. Bxh7+ Kh8 17. Nxd4 Nf6 18. Nc6 Qc7 19. Nxb8 Qxb8 20. Bd3 Bb7 21. Rac1 Ng4 22. Qc7 Bd6 23. Qxb8 Bxb8 24. h3 Rd8 25. Rfd1 Bh2+ 26. Kf1 Nf6 27. Be2 Rd5 28. Bf3 Rxd1+ 29.
Rxd1 Bxf3 30. gxf3 Nd5 31. f4 Kh7 32. Rxd5 exd5 33. Kg2 1-0

[Event "*** Titled Tuesday Blitz"]
[Site "Chess.com"]
[Date "2019.06.04"]
[Round "1"]
[White "Veiso"]
[Black "severomorskij"]
[Result "0-1"]
[WhiteElo "2409"]
[BlackElo "2771"]
[TimeControl "180+2"]
[EndTime "13:07:28 PDT"]
[Termination "severomorskij won by resignation"]

1. d4 Nf6 2. c4 e6 3. Nf3 d5 4. g3 Bb4+ 5. Bd2 Bd6 6. Qc2 O-O 7. Bg2 c6 8. O-O Nbd7 9. Bg5 h6 10. Bxf6 Nxf6 11.
Nbd2 b6 12. e4 Be7 13. e5 Nd7 14. Rfc1 Nb8 15. cxd5 cxd5 16. Qc7 a5 17. Bf1 Na6 18. Qxd8 Rxd8 19. Bb5 Ra7 20. a3 Nc7 21. Bd3 Bd7 22.
Rc2 a4 23. Rac1 Nb5 24. Nb1 Kf8 25. Nc3 Nxc3 26. Rxc3 Ke8 27. h4 Rb8 28. h5 Kd8 29.
Nd2 b5 30. Nb1 b4 31. axb4 Rxb4 32. Na3 Rxb2 33. f4 Bb4 34. Nb1 Bxc3 35. Rxc3 Rc7 0-1

[Event "*** Titled Tuesday Blitz"]
[Site "Chess.com"]
[Date "2019.06.04"]
[Round "1"]
[White "volcanoexplorer"]
[Black "annakantane"]
[Result "1-0"]
[WhiteElo "2584"]
[BlackElo "2221"]
[TimeControl "180+2"]
[EndTime "13:07:31 PDT"]
[Termination "volcanoexplorer won by resignation"]

1. e4 e5 2. Nf3 Nc6 3. Bc4 Nf6 4. d3 Bc5 5. O-O d6 6. c3 a6 7. Bb3 Ba7 8. Re1 h6 9. Nbd2 Bg4 10. Nf1 Qd7 11.
Be3 O-O-O 12. Bxa7 Nxa7 13. d4 exd4 14. Qxd4 Nc6 15. Qe3 Rhe8 16. Ng3 Kb8 17. Qf4 Be6 18. Nd4 Nxd4 19. cxd4 Bxb3 20. axb3 Re7 21. Nf5 g5 22.
Qf3 Ree8 23. Ng7 Re6 24. Nxe6 Qxe6 25. e5 Nd5 26. exd6 Qxd6 27. Qxf7 Nf4 28. Re8 Qxd4 29. Rxd8+ Qxd8 30. Re1 Qd6 31. Qe8+ Ka7 32. Qe5 Qb4 33. Qe3+ b6 34. h3 Qb5 35. Kh2 Qd5 36. Qe4 Qxb3 37. Qc6 Qf7 38. Re8 1-0

[Event "*** Titled Tuesday Blitz"]
[Site "Chess.com"]
[Date "2019.06.04"]
[Round "1"]
[White "Zubrrr"]
[Black "witcher8"]
[Result "1-0"]
[WhiteElo "2664"]
[BlackElo "2331"]
[TimeControl "180+2"]
[EndTime "13:07:35 PDT"]
[Termination "Zubrrr won on time"]

1. c4 e5 2. g3 Nc6 3. Bg2 g6 4. Nc3 Bg7 5. d3 f5 6. e4 d6 7. Nge2 Nf6 8. O-O O-O 9. f4 Nd4 10. Kh1 fxe4 11. dxe4 Bg4 12. h3 Be6 13. Nxd4 exd4 14.
Qxd4 Qd7 15. f5 gxf5 16. exf5 Bxf5 17. Qh4 c6 18. Bh6 Bg6 19. Rad1 Bxh6 20. Qxh6 Qe6 21. Rfe1 Qxc4 22. Rxd6 Qc5 23. Re7 Rf7 24. Rxf7 Kxf7 25. Rxf6+ Kg8 26. Rf1 Re8 27. Qf4 Rd8 28. Ne4 Qc2 29.
Nf6+ Kg7 30. Qc7+ 1-0

[Event "*** Titled Tuesday Blitz"]
[Site "Chess.com"]
[Date "2019.06.04"]
[Round "1"]
[White "Indianlad"]
[Black "IMDT02"]
[Result "1-0"]
[WhiteElo "2887"]
[BlackElo "2474"]
[TimeControl "180+2"]
[EndTime "13:07:40 PDT"]
[Termination "Indianlad won by resignation"]

1. e4 c5 2. Nc3 Nc6 3. Bb5 Nd4 4.
Nf3 Nxb5 5. Nxb5 d6 6. d4 a6 7. Nc3 cxd4 8. Qxd4 Nf6 9. Be3 e6 10. O-O-O Be7 11. Bg5 Qc7 12. Bxf6 gxf6 13. Kb1 Bd7 14. Rhe1 Bc6 15. Nd5 Bxd5 16. exd5 e5 17. Qd3 Rc8 18.
Re3 Qd7 19. Nh4 Rc5 20. Nf5 Kd8 21. Rg3 Kc8 22. a3 Kb8 23. Rd2 Ka8 24. Rg4 h5 25. Rh4 Rhc8 26. Rxh5 Bf8 27. Rh8 Rc4 28. Rxf8 Rxf8 29.
Qxc4 Qxf5 30. Qc7 Rc8 31. Qxd6 Qe4 32. Qb4 Rc4 33. Qa5 Ka7 34. d6 b6 35. Qd5 Qe1+ 36. Ka2 Rc5 37. Qxf7+ 1-0

[Event "*** Titled Tuesday Blitz"]
[Site "Chess.com"]
[Date "2019.06.04"]
[Round "1"]
[White "TigranLPetrosyan"]
[Black "axvesik"]
[Result "1-0"]
[WhiteElo "2835"]
[BlackElo "2436"]
[TimeControl "180+2"]
[EndTime "13:07:41 PDT"]
[Termination "TigranLPetrosyan won by resignation"]

1. Nf3 Nf6 2. g3 b6 3. Bg2 Bb7 4. O-O e6 5. d3 Be7 6. e4 d5 7. e5 Nfd7 8. Re1 c5 9. c4 dxc4 10. dxc4 Qc7 11. Nc3 a6 12. Bf4 Nc6 13. Nd5 Qd8 14.
Nxe7 Qxe7 15. Bg5 f6 16. exf6 gxf6 17. Bh3 Nf8 18. Bh6 e5 19. Qb3 Qc7 20. Rad1 Nd4 21. Nxd4 cxd4 22. Rxd4 Qc6 23. Rd5 Ne6 24. Bg2 Kf7 25. Qd1 Rad8 26. Qh5+ Ke7 27. b3 b5 28. Red1 bxc4 29. Rd7+ Qxd7 30. Rxd7+ Rxd7 31. Bxb7 Rxb7 32. bxc4 Rc7 33. Bc1 Nc5 34. f4 Rb8 35. fxe5 fxe5 36.
Qxe5+ Ne6 37. Ba3+ 1-0

[Event "*** Titled Tuesday Blitz"]
[Site "Chess.com"]
[Date "2019.06.04"]
[Round "1"]
[White "aa175"]
[Black "hellokostya"]
[Result "0-1"]
[WhiteElo "2001"]
[BlackElo "2513"]
[TimeControl "180+2"]
[EndTime "13:07:47 PDT"]
[Termination "hellokostya won by resignation"]

1. e4 e5 2. Nf3 Nc6 3. Bc4 Bc5 4. Nc3 d6 5. d3 Nf6 6. Be3 Bb6 7.
O-O h6 8. a3 O-O 9. h3 Qe7 10.
Ba2 Kh8 11. Qd2 Kh7 12. Ne2 Nh5 13. Kh2 Be6 14. b4 f5 15. exf5 Rxf5 16. Ng3 Nxg3 17. fxg3 Bxa2 18. Rxa2 Raf8 19. Bxb6 axb6 20. Re1 Rh5 21.
g4 Rxf3 22. gxf3 Rg5 23. f4 Rg6 24. Qf2 Rf6 25. f5 Qf7 26. Rf1 Qxa2 27. Qh4 Qxc2+ 28.
Rf2 Qc1 29. Rg2 Qg5 30. Qxg5 hxg5 31. Rc2 d5 32. b5 Nd4 33. Rxc7 Nxb5 34. Rxb7 Nxa3 35.
Rd7 d4 36. Rd5 b5 37. Rxe5 Rb6 0-1

[Event "*** Titled Tuesday Blitz"]
[Site "Chess.com"]
[Date "2019.06.04"]
[Round "1"]
[White "Jbd735"]
[Black "MatthewG-p4p"]
[Result "0-1"]
[WhiteElo "2426"]
[BlackElo "2798"]
[TimeControl "180+2"]
[EndTime "13:07:49 PDT"]
[Termination "MatthewG-p4p won by resignation"]

1. d4 Nf6 2. Nf3 c5 3. c3 e6 4. e3 b6 5. Bd3 Bb7 6. Nbd2 d6 7. O-O Be7 8. e4 Nbd7 9. Qe2 Qc7 10. a4 a6 11. e5 Nd5 12. Nc4 dxe5 13. dxe5 O-O 14. Re1 b5 15. axb5 axb5 16. Rxa8 Rxa8 17. Nd6 Nxe5 18.
Nxb5 Nxf3+ 19. Qxf3 Qd7 20. Qh3 Nf6 21. Bg5 h6 22. Bf4 Ra2 23. Bc1 Ba6 24. c4 Bb7 25. Qe3 Qc6 26. f3 Qd7 27. Nc3 Ra1 28.
Rd1 Qc7 29. Bc2 Ra8 30. Nb5 Qb6 31. Bd2 Bc6 32. Bc3 Bxb5 33. cxb5 Qxb5 34. Qe5 Qb6 35. Kh1 Rd8 36. Rxd8+ Qxd8 37. h3 Bf8 38. Qf4 Nd5 39. Qe4 g6 40. Bd2 Bg7 41. b3 Nf6 42. Qe3 Nh5 43. Bc3 Ng3+ 44. Kg1 Bxc3 45. Kf2 Bd4 0-1

[Event "*** Titled Tuesday Blitz"]
[Site "Chess.com"]
[Date "2019.06.04"]
[Round "1"]
[White "kleinebeer98"]
[Black "NoGalloNoParty"]
[Result "1-0"]
[WhiteElo "2693"]
[BlackElo "2351"]
[TimeControl "180+2"]
[EndTime "13:07:49 PDT"]
[Termination "kleinebeer98 won by checkmate"]

1. e4 c5 2. Nf3 d6 3. Nc3 a6 4. d4 cxd4 5. Nxd4 Nf6 6. Rg1 e5 7. Nb3 h5 8. h3 Be7 9. g4 hxg4 10. hxg4 Be6 11. g5 Nfd7 12. g6 f6 13. Be3 Nb6 14.
Nd5 N8d7 15. c4 Rc8 16. Rc1 Na4 17. Qd2 Nac5 18. Nxc5 Nxc5 19. Qc2 Rh4 20. f3 Kf8 21. b4 Nd7 22. Qf2 Rh8 23. Bd3 b5 24. cxb5 Rxc1+ 25. Bxc1 axb5 26. Bxb5 Qc8 27. Qd2 Qb7 28. a4 Nb6 29. Nxb6 Qxb6 30. Qe3 Qc7 31. Bd2 Rh2 32. a5 Qc2 33. Qd3 Qb2 34. Qc3 Qb1+ 35. Qc1 Qb3 36.
Be2 d5 37. Qc7 Bxb4 38. Qd8# 1-0

[Event "*** Titled Tuesday Blitz"]
[Site "Chess.com"]
[Date "2019.06.04"]
[Round "1"]
[White "oskariot"]
[Black "LuisFSiles"]
[Result "1/2-1/2"]
[WhiteElo "2551"]
[BlackElo "2169"]
[TimeControl "180+2"]
[EndTime "13:07:51 PDT"]
[Termination "Game drawn by repetition"]

1. c4 e5 2. g3 c6 3. d4 Bb4+ 4.
Nc3 d6 5. Bg2 Nf6 6. Nf3 Nbd7 7.
O-O O-O 8. Qc2 Re8 9. Rd1 e4 10. Ng5 Bxc3 11. Qxc3 d5 12. b3 Nf8 13. Nh3 Bg4 14. f3 Bf5 15. Nf2 h5 16. Bg5 exf3 17. Qxf3 Be4 18. Nxe4 dxe4 19. Qf4 N8h7 20. Bxf6 Nxf6 21. e3 Qb8 22. Rf1 Qxf4 23. Rxf4 Rad8 24. Raf1 b5 25. h3 bxc4 26. bxc4 Rb8 27. Rf5 Rb2 28. R1f2 Reb8 29. Bf1 Rxf2 30. Kxf2 Rb2+ 31.
Be2 Rxa2 32. Rc5 Ra6 33. Re5 Kf8 34. g4 hxg4 35. hxg4 Ra2 36. Ke1 Ra1+ 37. Kd2 Ra2+ 38. Ke1 Ra1+ 39. Kf2 Ra2 40. Ke1 1/2-1/2

[Event "*** Titled Tuesday Blitz"]
[Site "Chess.com"]
[Date "2019.06.04"]
[Round "1"]
[White "VeraNebolsina"]
[Black "Barcelona_Guy"]
[Result "0-1"]
[WhiteElo "2345"]
[BlackElo "2683"]
[TimeControl "180+2"]
[EndTime "13:07:53 PDT"]
[Termination "Barcelona_Guy won by resignation"]

1. e4 e5 2. Nf3 Nc6 3. Bb5 a6 4. Ba4 Nf6 5. O-O Nxe4 6. Re1 Nc5 7. Bxc6 dxc6 8. Nxe5 Be7 9. d4 Ne6 10. c3 O-O 11. Nd2 c5 12. dxc5 Nxc5 13. Ndf3 Qxd1 14.
Rxd1 Be6 15. Nd4 Rad8 16. Be3 Bc8 17. f3 f6 18. Nc4 Kf7 19. Kf2 Rd5 20. Bf4 Rd7 21. Ne3 Rfd8 22. b4 Na4 23. Rdc1 Nxc3 24. Rxc3 Rxd4 25. Bxc7 Rd2+ 26. Kg3 Bxb4 27. Rc4 Bd6+ 28.
Bxd6 R2xd6 29. Rac1 Be6 30. Rc7+ R8d7 31. a4 Ke7 32. h4 Rxc7 33. Rxc7+ Rd7 34. Rc3 Rd4 35. Rc7+ Rd7 36. Rc3 b5 37. axb5 axb5 38. Nc2 Kd6 39. Nd4 Bc4 40. Rc1 Kc5 41. Nf5 g6 42. Ne3 Rd3 43. Kf4 Rd4+ 44. Kg3 b4 45. Nc2 Rd3 46. Kf4 Rc3 0-1